 Dungeon Crawl Stone Soup version 0.22.1-1-ga44c0e56f4 (webtiles) character file.

5452 JOKERXD40 the Cleaver (level 10, -10/88 HPs)
             Began as a Minotaur Berserker on Oct 26, 2018.
             Was a High Priest of Trog.
             Mangled by an orc warrior
             ... wielding a +0 war axe
              (17 damage)
             ... in a bailey.
             The game lasted 00:21:07 (6156 turns).

JOKERXD40 the Cleaver (Minotaur Berserker)          Turns: 6156, Time: 00:21:07

Health: -10/88     AC: 15    Str: 24    XL:     10   Next: 41%
Magic:  9/9        EV: 10    Int:  4    God:    Trog [*****.]
Gold:   381        SH:  0    Dex: 11    Spells: 9/9 levels left

rFire    . . .     SeeInvis .   q - +0 war axe
rCold    . . .     Gourm    .   (no shield)
rNeg     . . .     Faith    +   a - +1 chain mail {MR+}
rPois    +         Spirit   .   (helmet restricted)
rElec    .         Reflect  .   v - +2 cloak
rCorr    .         Harm     .   (no gloves)
MR       +....                  (no boots)
Stlth    ..........             l - amulet of faith
HPRegen  0.24/turn              f - ring of poison resistance
MPRegen  0.11/turn              (no ring)

@: berserk cooldown, slowed, very slow
A: retaliatory headbutt, horns 2
a: Berserk, Trog's Hand, Brothers in Arms, Renounce Religion


You were in a bailey.
You worshipped Trog.
Trog was extremely pleased with you.
You were near starving.

You visited 1 branch of the dungeon, and saw 8 of its levels.
You also visited: Bailey.

You collected 381 gold pieces.

Inventory:

Hand Weapons
 q - a +0 war axe (weapon)
 t - a +2 flail of crushing
Missiles
 e - 144 stones
 i - 16 tomahawks (quivered)
 E - 4 steel tomahawks
Armour
 a - a +1 chain mail of magic resistance (worn)
 v - a +2 cloak (worn)
Jewellery
 f - a ring of poison resistance (left hand)
 l - an amulet of faith (around neck)
Wands
 o - a wand of digging (11)
 B - a wand of paralysis (8)
 F - a wand of polymorph (10)
Scrolls
 k - 4 scrolls of identify
 m - 6 scrolls of remove curse
 r - a scroll of amnesia {unknown}
 s - 2 scrolls of teleportation {unknown}
 u - a scroll of noise {unknown}
 w - 2 scrolls of random uselessness {unknown}
 x - 3 scrolls of fear {unknown}
 y - 2 scrolls of enchant armour {unknown}
 z - a scroll of vulnerability {unknown}
 A - 2 scrolls of enchant weapon {unknown}
 D - 2 scrolls of holy word {unknown}
Potions
 b - 3 potions of degeneration {unknown}
 d - 5 potions of haste
 g - a potion of brilliance {unknown}
 h - 3 potions of mutation {unknown}
 j - 3 potions of heal wounds {unknown}
 n - 2 potions of berserk rage {unknown}
 p - a potion of cancellation {unknown}
 C - a potion of lignification {unknown}
Comestibles
 c - 13 rations


   Skills:
 + Level 8.2 Fighting
 + Level 12.4 Axes
 + Level 5.4 Throwing
 + Level 9.0 Armour
 + Level 4.7 Dodging
 - Level 1.1 Stealth


You had 9 spell levels left.
You didn't know any spells.
Your spell library was empty.

Dungeon Overview and Level Annotations

Branches:
Dungeon (9/15)                Orc (0/2) D:9
 Temple: D:4-7         Lair: D:8-11

Altars:
Elyvilon
Makhleb
Ru
Trog
Vehumet

Shops:
D:6 }   D:8 %


Innate Abilities, Weirdness & Mutations

You reflexively headbutt those who attack you in melee.
You have a pair of horns on your head.


Message History

The orc warrior is moderately wounded.
The orc warrior hits you with a war axe!
Unknown command.
You are too injured to fight recklessly!
You are too injured to fight recklessly!
You are too injured to fight recklessly!
Unknown command.
You are too injured to fight recklessly!
You are too injured to fight recklessly!
The orc warrior hits you with a war axe!!
* * * LOW HITPOINT WARNING * * *
The goblin hits you but does no damage.
Found a scroll labeled BIENGU BUNTY.
Items here: )))) [[[[ †† You hit the orc warrior but do no damage.
Your headbutt misses the orc warrior.
The orc warrior is moderately wounded.
Your chain mail prevents you from hitting the goblin.
The orc warrior hits you with a war axe!
You die...

#?!∩?!# ??...?!
.......## ........#
........##
...⌠.....#######
......go##.....##
.......@'.......#
.......##)......##
.......#.........#
#88.88##.........##
###+###.....⌠.....#
##.........##
#.........#
##.......##
#.......#


You could see an orc warrior and a goblin.

Vanquished Creatures
  2 two-headed ogres (D:9)
  An orc knight (Bailey)
  Maurice (D:9)
  A spriggan (D:9)
  A hungry ghost (D:8)
  6 orc warriors
  2 sky beasts
  A phantom (D:4)
  3 ice beasts
  An ogre (D:8)
  3 centaurs
  A big kobold (D:3)
  A bullfrog (D:9)
  6 killer bees (D:9)
  4 scorpions
  A howler monkey (D:5)
  A centaur zombie (D:8)
  3 jellies
  6 orc priests
  A centaur skeleton (D:6)
  2 hounds
  Crazy Yiuf (D:5)
  A bullfrog skeleton (D:5)
  An iguana (D:5)
  5 orc wizards
  3 worker ants
  A howler monkey zombie (D:5)
  A worker ant zombie (D:9)
  7 adders
  6 gnolls (Bailey)
  2 shadow imps
  An adder skeleton (D:8)
  3 dart slugs
  2 leopard geckos
  54 orcs
  7 giant cockroaches
  10 goblins
  17 hobgoblins
  4 jackals (D:2)
  3 quokkas (D:5)
  6 bats
  5 frilled lizards
  9 kobolds
  A leopard gecko zombie (D:6)
  A quokka skeleton (D:5)
  10 rats
209 creatures vanquished.

Vanquished Creatures (collateral kills)
  An orc warrior (D:9)
  An adder (D:9)
  8 orcs (D:9)
10 creatures vanquished.

Grand Total: 219 creatures vanquished

Notes
Turn   | Place    | Note
-------+----------+-------------------------------------------
     0 | D:1      | JOKERXD40 the Minotaur Berserker began the quest for the
                  | Orb.
     0 | D:1      | Reached XP level 1. HP: 19/19 MP: 0/0
   123 | D:1      | Reached skill level 4 in Axes
   132 | D:1      | Reached XP level 2. HP: 21/27 MP: 1/1
   940 | D:1      | Reached XP level 3. HP: 33/33 MP: 2/2
  1113 | D:2      | Reached ** piety under Trog
  1723 | D:3      | Found a burning altar of Makhleb.
  1793 | D:3      | Reached XP level 4. HP: 39/40 MP: 3/3
  1953 | D:3      | Found a sacrificial altar of Ru.
  2031 | D:3      | Noticed a big kobold
  2039 | D:3      | Killed a big kobold
  2039 | D:3      | Reached skill level 5 in Axes
  2039 | D:3      | Reached skill level 1 in Throwing
  2039 | D:3      | Reached XP level 5. HP: 46/46 MP: 4/4
  2064 | D:3      | Reached *** piety under Trog
  2629 | D:4      | Found a bloodstained altar of Trog.
  2790 | D:4      | Reached skill level 6 in Axes
  2790 | D:4      | Reached XP level 6. HP: 53/53 MP: 5/5
  3194 | D:5      | Entered Level 5 of the Dungeon
  3212 | D:5      | Reached skill level 1 in Stealth
  3401 | D:5      | Reached XP level 7. HP: 57/60 MP: 6/6
  3575 | D:5      | Reached skill level 7 in Axes
  3776 | D:5      | Reached skill level 5 in Fighting
  3814 | D:5      | Reached **** piety under Trog
  4028 | D:5      | Found a runed door.
  4032 | D:5      | Noticed Crazy Yiuf
  4034 | D:5      | Killed Crazy Yiuf
  4088 | D:5      | Reached skill level 8 in Axes
  4097 | D:5      | Reached skill level 5 in Armour
  4097 | D:5      | Reached XP level 8. HP: 15/68 MP: 7/7
  4409 | D:6      | Found Walo's Gadget Shoppe.
  4608 | D:6      | You fall through a shaft for 2 floors!
  4614 | D:8      | Reached skill level 9 in Axes
  5068 | D:8      | Reached skill level 10 in Axes
  5068 | D:8      | Reached XP level 9. HP: 65/75 MP: 8/8
  5219 | D:8      | Found Iboaped's Food Boutique.
  5488 | D:9      | Reached ***** piety under Trog
  5529 | D:9      | Found a bloodstained altar of Trog.
  5541 | D:9      | Found a radiant altar of Vehumet.
  5541 | D:9      | Found a white marble altar of Elyvilon.
  5561 | D:9      | Noticed a two-headed ogre
  5562 | D:9      | Noticed a two-headed ogre
  5569 | D:9      | Killed a two-headed ogre
  5569 | D:9      | Reached skill level 11 in Axes
  5569 | D:9      | Reached skill level 5 in Throwing
  5571 | D:9      | Killed a two-headed ogre
  5792 | D:9      | Received a gift from Trog
  5795 | D:9      | Reached XP level 10. HP: 86/86 MP: 9/9
  5931 | D:9      | Received a gift from Trog
  5949 | D:9      | Found a staircase to the Orcish Mines.
  5969 | D:9      | Found a flagged portal.
  5975 | D:9      | Noticed Maurice
  5991 | D:9      | Killed Maurice
  5999 | Bailey   | Entered a bailey
  6065 | Bailey   | Reached skill level 12 in Axes
  6133 | Bailey   | Noticed an orc knight
  6143 | Bailey   | Killed an orc knight
  6156 | Bailey   | Mangled by an orc warrior

Skill      XL: |  1  2  3  4  5  6  7  8  9 10 |
---------------+-------------------------------+-----
Axes           | 4 5 6 8 10 11 12 | 12.4
Fighting       | 4 5 7 8 |  8.2
Dodging        | 3 4 |  4.7
Throwing       | 1 2 3 4 5 |  5.4
Armour         | 3 4 5 6 8 9 |  9.0
Stealth        | 1 |  1.1

Action                   |  1- 3 |  4- 6 |  7- 9 | 10-12 || total
-------------------------+-------+-------+-------+-------++-------
Melee: Hand axe          |    82 |     5 |       |       ||    87
       Headbutt          |    10 |    12 |    37 |    21 ||    80
       War axe           |       |    59 |   213 |    90 ||   362
Throw: Stone             |    48 |    40 |    27 |       ||   115
       Tomahawk          |       |       |    26 |     7 ||    33
Invok: Berserk           |     1 |     2 |     4 |     3 ||    10
       Brothers in Arms  |       |       |       |     1 ||     1
  Use: Potion            |     1 |       |       |       ||     1
       Scroll            |       |     1 |     2 |       ||     3
  Eat: Chunk             |     3 |     6 |     2 |       ||    11
       Ration            |       |     1 |     3 |     1 ||     5
Armor: Animal skin       |     6 |       |       |       ||     6
       Ring mail         |    18 |    10 |       |       ||    28
       Chain mail        |       |    10 |   114 |    20 ||   144
Dodge: Dodged            |    56 |    32 |    79 |    37 ||   204
